 Dungeon Crawl Stone Soup version 0.24.1 (webtiles) character file.

Game seed: 10756712892552615261, levelgen mode: deterministic

1019 raph the Chiller (level 8, -1/52 HPs)
             Began as a Merfolk Ice Elementalist on Apr 4, 2020.
             Was an Initiate of Kikubaaqudgha.
             Slain by a water moccasin (6 damage)
             ... on level 7 of the Dungeon.
             The game lasted 00:26:00 (7785 turns).

raph the Chiller (Merfolk Ice Elementalist)         Turns: 7785, Time: 00:26:00

Health: -1/52      AC:  8    Str:  8    XL:     8   Next: 22%
Magic:  6/13       EV: 14    Int: 17    God:    Kikubaaqudgha [......]
Gold:   252        SH:  5    Dex: 14    Spells: 3/13 levels left

rFire    . . .     SeeInvis .   b - +0 spear (pierce)
rCold    . . .     Gourm    .   v - +0 buckler
rNeg     . . .     Faith    .   a - +0 robe
rPois    .         Spirit   .   n - +1 helmet
rElec    .         Reflect  .   x - +2 cloak {+Inv}
rCorr    .         Harm     .   (no gloves)
MR       .....                  l - +0 pair of boots
Stlth    ++........             (no amulet)
HPRegen  0.17/turn              (no ring)
MPRegen  0.13/turn              (no ring)

@: no status effects
A: change form in water, swift swim, stealthy swim
a: Renounce Religion, Evoke Invisibility


You were on level 7 of the Dungeon.
You worshipped Kikubaaqudgha.
Kikubaaqudgha was noncommittal.
You were near starving.

You visited 2 branches of the dungeon, and saw 8 of its levels.

You collected 252 gold pieces.

Inventory:

Hand Weapons
 b - a +0 spear of piercing (weapon)
 d - a +0 dagger
 u - a +0 trident
Missiles
 h - 118 stones
 j - 4 javelins (quivered)
 C - 2 throwing nets
Armour
 a - a +0 robe (worn)
 l - a +0 pair of boots (worn)
 n - a +1 helmet (worn)
 v - a +0 buckler (worn)
 x - a +2 cloak of invisibility (worn)
Jewellery
 o - an uncursed amulet of harm
Wands
 w - a wand of digging (4)
Scrolls
 t - 2 scrolls of magic mapping
Potions
 e - 4 potions of brilliance
 f - 2 potions of mutation
 g - a potion of lignification
 i - a potion of invisibility {unknown}
 q - a potion of flight {unknown}
 z - 2 potions of degeneration {unknown}
Comestibles
 c - 7 rations


   Skills:
 - Level 0.8 Short Blades
 * Level 2.6 Polearms
 - Level 4.2 Dodging
 - Level 3.7 Stealth
 - Level 3.0 Shields
 + Level 3.3 Spellcasting
 + Level 3.1 Conjurations
 - Level 1.1 Charms
 + Level 0.7 Necromancy
 + Level 6.7 Ice Magic


You had 3 spell levels left.
You knew the following spells:

 Your Spells              Type           Power        Failure   Level  Hunger
a - Freeze                Ice            ####         1%          1    None
b - Throw Frost           Conj/Ice       ###...       3%          2    ##.....
c - Ozocubu's Armour      Chrm/Ice       ###.....     11%         3    ###....
d - Throw Icicle          Conj/Ice       ###.....     24%         4    ####...

Your spell library contained the following spells:

 Spells                   Type           Power        Failure   Level  Hunger
 Summon Ice Beast         Ice/Summ       ##......     43%         4    ####...


Dungeon Overview and Level Annotations

Branches:
Dungeon (7/15)             Temple (1/1) D:5

Altars:
Ashenzari
Cheibriados
Dithmenos
Gozag
Hepliaklqana
Kikubaaqudgha
Nemelex Xobeh
Okawaru
Qazlal
Ru
Sif Muna
Trog
Uskayaw
Vehumet
Wu Jian
Xom
Yredelemnul
Zin

Annotations:
D:2 Robin
D:4 Eustachio, Pikel
D:5 Menkaure


Message History

The water moccasin closely misses you.
Found 18 stones.
The water moccasin bites you!
* * * LOW HITPOINT WARNING * * *
You are lethally poisoned!
The water moccasin poisons you!
* * * LOW HITPOINT WARNING * * *
You feel sick.
You feel better. The water moccasin misses you. The water moccasin bites you.
* * * LOW HITPOINT WARNING * * *
Casting: Freeze (safe; 1% risk of failure)
Confirm with . or Enter, or press ? or * to list all spells.
Aiming: Freeze (safe; 1% risk of failure)
Press: ? - help, Shift-Dir - straight line, f - water moccasin
Aim: a water moccasin (heavily wounded)
You freeze the water moccasin!
The water moccasin is severely wounded.
The water moccasin seems to slow down.
The water moccasin bites you.
You die...
Kikubaaqudgha rasps: "You have failed me!
Welcome... death!"

.# ####### ...
...(.# ... ....#
.. #..#
#.##..#######
#.<@S..o....#
...........#.##.#
.#.#####.#.#....#
...#.#..#[#
#####.##...#
#.###o<# #.# #..#
#....o.# ..##o##


You could see a water moccasin and an orc wizard.

Vanquished Creatures
  A sky beast (D:5)
  An ogre (D:5)
  A big kobold (D:6)
  A scorpion (D:6)
  2 crimson imps (D:5)
  A hound (D:4)
  A bullfrog skeleton (D:5)
  2 orc priests (D:4)
  Crazy Yiuf (D:4)
  A gnoll shaman (D:4)
  2 jellies (D:6)
  An orc wizard (D:4)
  Jessica (D:1)
  An iguana (D:4)
  4 worker ants
  2 hound skeletons (D:5)
  5 gnolls
  6 adders
  An adder skeleton (D:4)
  4 worms
  4 dart slugs
  6 leopard geckos
  6 orcs
  6 giant cockroaches
  8 goblins
  10 hobgoblins
  2 jackals (D:3)
  10 kobolds
  4 quokkas
  3 ball pythons
  6 bats
  5 frilled lizards
  A jackal zombie (D:5)
  9 rats
119 creatures vanquished.

Notes
Turn   | Place    | Note
-------+----------+-------------------------------------------
     0 | D:1      | raph the Merfolk Ice Elementalist began the quest for the
                  | Orb.
     0 | D:1      | Reached XP level 1. HP: 13/13 MP: 3/3
   301 | D:1      | Reached XP level 2. HP: 19/19 MP: 1/5
   349 | D:1      | Learned a level 2 spell: Throw Frost
   780 | D:1      | Reached XP level 3. HP: 12/24 MP: 0/6
  1553 | D:1      | Reached skill level 4 in Ice Magic
  1707 | D:2      | Noticed Robin
  1707 | D:2      | Noticed Jessica
  1711 | D:1      | Killed Jessica
  1711 | D:1      | Reached XP level 4. HP: 30/30 MP: 4/7
  2568 | D:3      | Reached XP level 5. HP: 35/35 MP: 5/8
  2662 | D:3      | Learned a level 3 spell: Ozocubu's Armour
  4083 | D:4      | Reached skill level 5 in Ice Magic
  4249 | D:4      | Noticed a phantom
  4462 | D:4      | Reached XP level 6. HP: 41/41 MP: 1/10
  4535 | D:3      | Learned a level 4 spell: Throw Icicle
  4608 | D:4      | Reached skill level 1 in Conjurations
  4693 | D:4      | Found a runed translucent door.
  4694 | D:4      | Noticed Crazy Yiuf
  4700 | D:4      | Killed Crazy Yiuf
  4700 | D:4      | Reached skill level 1 in Shields
  5474 | D:4      | Noticed Pikel
  5474 | D:4      | Noticed a slave
  5474 | D:4      | Noticed a slave
  5474 | D:4      | Noticed a slave
  5476 | D:4      | Noticed a slave
  5540 | D:4      | Paralysed by Pikel for 2 turns
  5550 | D:4      | Paralysed by Pikel for 6 turns
  5611 | D:4      | Noticed Eustachio
  5626 | D:4      | Reached XP level 7. HP: 36/46 MP: 4/11
  5935 | D:5      | Entered Level 5 of the Dungeon
  5944 | D:5      | Found an iron altar of Okawaru.
  5959 | D:5      | Reached skill level 6 in Ice Magic
  6829 | D:5      | Reached skill level 1 in Charms
  6917 | D:5      | Found a staircase to the Ecumenical Temple.
  6917 | D:5      | Noticed Menkaure
  6949 | Temple   | Entered the Ecumenical Temple
  7058 | Temple   | Became a worshipper of Kikubaaqudgha
  7281 | D:6      | Reached skill level 1 in Polearms
  7281 | D:6      | Reached XP level 8. HP: 52/52 MP: 2/12
  7777 | D:7      | HP: 2/52 [poisoned by a water moccasin]
  7783 | D:7      | HP: 2/52 [poisoned by a water moccasin]
  7785 | D:7      | Slain by a water moccasin

Levels and vault maps discovered:
D:1:      shiori_arrival_whats_in_store_for_you, layout_loops_ring,
          chequers_serial_rivers_marsh
D:2:      layout_basic, uniq_robin, uniq_jessica
D:3:      layout_loops_cross, first_ration, mrwooster_statue_mirror
D:4:      layout_loops_corners, uniq_eustachio, uniq_ijyb,
          uniq_crazy_yiuf_cottage, uniq_pikel
D:5:      layout_loops_corners, lemuel_crystal_altar, minmay_temple_entry_glass,
          uniq_menkaure
D:6:      layout_loops_ring, minmay_ruined_shrine
D:7:      wander_guarded_unrand_ratskin, layout_loops_corners, basic_altar,
          uniq_harold
Temple:   minmay_crystal_snake_temple

Skill      XL: |  1  2  3  4  5  6  7  8 |
---------------+-------------------------+-----
Dodging        | 3 4 |  4.2
Ice Magic      | 4 5 6 |  6.7
Stealth        | 3 |  3.7
Spellcasting   | 3 |  3.3
Conjurations   | 1 2 3 |  3.1
Shields        | 2 3 |  3.0
Charms         | 1 |  1.1
Polearms       | 1 2 |  2.6
Short Blades   | |  0.8
Necromancy     | |  0.7

Action                   |  1- 3 |  4- 6 |  7- 9 || total
-------------------------+-------+-------+-------++-------
Melee: Dagger            |     6 |       |       ||     6
       Tailslap          |     1 |       |       ||     1
       Whip              |     8 |     1 |       ||     9
       Spear             |       |    10 |    62 ||    72
Throw: Javelin           |       |     1 |       ||     1
 Cast: Freeze            |    39 |   110 |    46 ||   195
       Throw Frost       |     7 |    40 |    28 ||    75
       Ozocubu's Armour  |       |       |     1 ||     1
       Throw Icicle      |       |       |     1 ||     1
  Use: Scroll            |     1 |     8 |       ||     9
       Potion            |       |       |     3 ||     3
 Stab: Sleeping          |     2 |       |     1 ||     3
  Eat: Chunk             |     3 |    12 |     8 ||    23
       Ration            |       |     1 |       ||     1
Armor: Robe              |     4 |    16 |    42 ||    62
Dodge: Dodged            |    30 |    56 |    57 ||   143
Block: Buckler           |       |       |    10 ||    10
